[ PARTIDA AOE2 · #495361246 ]
UnrankedBohemios vs Saracens
Equipo del jugador · VICT
[ ANÁLISIS DE REPETICIÓN · EXTRAÍDO DE LA PARTIDA GRABADA ]
Feudal
8:50
Castillos
18:32
Imperial
36:01
| APM promedio | 84.1 |
| APM pico | 144 |
| eAPM promedio | 43.5 |
| Aldeanos / militares | 146 / 120 |
Foco
⚔️ 41.4% · 🌾 58.6%
Archer ×84 · Skirmisher ×14 · Trebuchet (Packed) ×7 · Mangonel ×5 · Bombard Cannon ×5 · Monk ×3
Feudal
9:00
Castillos
21:01
Imperial
—
| APM promedio | 80.7 |
| APM pico | 141 |
| eAPM promedio | 20.9 |
| Aldeanos / militares | 96 / 57 |
Foco
⚔️ 34.3% · 🌾 65.7%
Knight ×28 · Archer ×24 · Scout Cavalry ×3 · Mangonel ×2
Mapa de la partida
Recursos iniciales + cada clic de construcción. Líneas = muros · curvas = relieve. ◆ oro · ⬟ piedra · ● bayas · ✦ reliquia · ◌ hueco del cierre
Tu base· Abierta — hueco de 5t
Base de Twitch_ActionMarc· ✓ Cerrada en 21:01 · 21t muro · 1 puerta(s)
Terreno inicial suavizado · ◌ = hueco del cierre detectado · pasá el cursor para detalles
Inputs por minuto
— Inkisidor_ - - Twitch_ActionMarc
Build order — Inkisidor_
Primeras 150 de 480 acciones detectadas
| 0:00 | Crear | Villager (Male) |
| 0:00 | Crear | Villager (Male) |
| 0:00 | Crear | Villager (Male) |
| 0:01 | Construir | House |
| 0:02 | Construir | House |
| 0:05 | Crear | Villager (Male) |
| 1:23 | Crear | Villager (Male) |
| 1:43 | Construir | Lumber Camp |
| 1:48 | Crear | Villager (Male) |
| 1:48 | Crear | Villager (Male) |
| 2:20 | Crear | Villager (Male) |
| 2:51 | Crear | Villager (Male) |
| 3:02 | Crear | Villager (Male) |
| 3:24 | Crear | Villager (Male) |
| 3:48 | Construir | House |
| 3:49 | Construir | House |
| 3:54 | Crear | Villager (Male) |
| 3:58 | Crear | Villager (Male) |
| 4:24 | Crear | Villager (Male) |
| 4:33 | Crear | Villager (Male) |
| 4:58 | Construir | Mill |
| 5:26 | Investigar | Loom |
| 6:13 | Crear | Villager (Male) |
| 6:34 | Investigar | Feudal Age |
| 6:34 | Investigar | Feudal Age |
| 7:14 | Construir | House |
| 7:57 | Construir | Barracks |
| 8:12 | Crear | Villager (Male) |
| 8:50 | Edad | Edad Feudal |
| 9:03 | Construir | Archery Range |
| 9:05 | Construir | Palisade Wall |
| 9:07 | Construir | House |
| 9:13 | Crear | Villager (Male) |
| 9:15 | Investigar | Double-Bit Axe |
| 9:15 | Investigar | Double-Bit Axe |
| 9:15 | Investigar | Double-Bit Axe |
| 9:15 | Investigar | Double-Bit Axe |
| 9:24 | Crear | Villager (Male) |
| 9:46 | Construir | Palisade Wall |
| 9:47 | Construir | Palisade Wall |
| 9:51 | Crear | Villager (Male) |
| 9:54 | Construir | Mill |
| 9:57 | Crear | Villager (Male) |
| 10:04 | Crear | Spearman |
| 10:20 | Crear | Skirmisher |
| 10:20 | Crear | Skirmisher |
| 10:22 | Crear | Skirmisher |
| 10:22 | Crear | Skirmisher |
| 10:37 | Crear | Villager (Male) |
| 10:41 | Crear | Skirmisher |
| 10:55 | Crear | Villager (Male) |
| 10:58 | Construir | House |
| 11:00 | Construir | Palisade Wall |
| 11:01 | Construir | Palisade Wall |
| 11:01 | Construir | Palisade Wall |
| 11:15 | Construir | Palisade Wall |
| 11:16 | Crear | Villager (Male) |
| 11:17 | Construir | Farm |
| 11:25 | Crear | Villager (Male) |
| 11:27 | Construir | Farm |
| 11:35 | Crear | Villager (Male) |
| 11:45 | Crear | Villager (Male) |
| 11:48 | Construir | Farm |
| 12:04 | Crear | Villager (Male) |
| 12:11 | Crear | Villager (Male) |
| 12:13 | Construir | Farm |
| 12:15 | Construir | Farm |
| 12:17 | Crear | Villager (Male) |
| 12:22 | Construir | Palisade Wall |
| 12:28 | Crear | Villager (Male) |
| 12:35 | Crear | Villager (Male) |
| 12:49 | Crear | Villager (Male) |
| 12:52 | Crear | Villager (Male) |
| 12:56 | Construir | Farm |
| 12:58 | Construir | House |
| 13:04 | Construir | House |
| 13:09 | Crear | Villager (Male) |
| 13:12 | Construir | Farm |
| 13:13 | Construir | Farm |
| 13:25 | Crear | Villager (Male) |
| 13:31 | Crear | Villager (Male) |
| 13:37 | Construir | Farm |
| 13:41 | Construir | Farm |
| 13:45 | Construir | Mining Camp |
| 13:49 | Construir | Farm |
| 14:10 | Crear | Villager (Male) |
| 14:21 | Crear | Villager (Male) |
| 14:23 | Construir | Blacksmith |
| 14:45 | Construir | Farm |
| 15:27 | Crear | Villager (Male) |
| 15:37 | Investigar | Castle Age |
| 15:37 | Investigar | Castle Age |
| 15:37 | Investigar | Castle Age |
| 15:59 | Crear | Skirmisher |
| 15:59 | Crear | Skirmisher |
| 15:59 | Crear | Skirmisher |
| 16:03 | Construir | Market |
| 16:13 | Crear | Skirmisher |
| 16:16 | Investigar | Padded Archer Armor |
| 16:16 | Investigar | Padded Archer Armor |
| 16:17 | Crear | Skirmisher |
| 16:32 | Crear | Skirmisher |
| 16:45 | Crear | Skirmisher |
| 16:52 | Investigar | Fletching |
| 16:55 | Construir | Watch Tower |
| 17:00 | Crear | Skirmisher |
| 17:08 | Construir | Farm |
| 17:22 | Construir | House |
| 17:25 | Construir | Palisade Gate |
| 17:27 | Construir | Palisade Wall |
| 17:29 | Construir | Palisade Gate |
| 17:32 | Construir | Palisade Gate |
| 17:39 | Crear | Skirmisher |
| 17:42 | Construir | House |
| 17:45 | Crear | Archer |
| 17:57 | Construir | Archery Range |
| 18:02 | Crear | Archer |
| 18:23 | Investigar | Horse Collar |
| 18:32 | Crear | Archer |
| 18:32 | Edad | Edad de los Castillos |
| 18:34 | Crear | Villager (Male) |
| 18:35 | Investigar | Bodkin Arrow |
| 18:36 | Investigar | Bodkin Arrow |
| 18:39 | Investigar | Crossbowman (upgrade) |
| 18:39 | Investigar | Crossbowman (upgrade) |
| 18:39 | Crear | Archer |
| 18:42 | Crear | Archer |
| 18:51 | Crear | Villager (Male) |
| 18:55 | Construir | Farm |
| 18:55 | Construir | Farm |
| 18:55 | Construir | Farm |
| 18:59 | Crear | Archer |
| 19:08 | Crear | Villager (Male) |
| 19:10 | Crear | Archer |
| 19:17 | Crear | Villager (Male) |
| 19:21 | Investigar | Elite Skirmisher (upgrade) |
| 19:26 | Crear | Villager (Male) |
| 19:30 | Crear | Villager (Male) |
| 19:36 | Construir | University |
| 19:39 | Crear | Archer |
| 19:41 | Crear | Archer |
| 19:51 | Crear | Archer |
| 20:01 | Investigar | Bow Saw |
| 20:01 | Investigar | Bow Saw |
| 20:01 | Investigar | Bow Saw |
| 20:03 | Crear | Villager (Male) |
| 20:12 | Crear | Archer |
| 20:19 | Construir | House |
| 20:20 | Construir | House |
| 20:32 | Crear | Villager (Male) |
Build order — Twitch_ActionMarc
Primeras 150 de 262 acciones detectadas
| 0:00 | Crear | Villager (Male) |
| 0:00 | Crear | Villager (Male) |
| 0:02 | Construir | House |
| 0:03 | Construir | House |
| 0:44 | Crear | Villager (Male) |
| 0:44 | Crear | Villager (Male) |
| 1:40 | Crear | Villager (Male) |
| 1:52 | Construir | Lumber Camp |
| 1:57 | Crear | Villager (Male) |
| 2:24 | Crear | Villager (Male) |
| 2:51 | Crear | Villager (Male) |
| 3:16 | Crear | Villager (Male) |
| 3:23 | Construir | House |
| 3:33 | Crear | Villager (Male) |
| 3:53 | Crear | Villager (Male) |
| 4:06 | Crear | Villager (Male) |
| 4:08 | Construir | Mill |
| 4:23 | Crear | Villager (Male) |
| 5:06 | Crear | Villager (Male) |
| 5:06 | Crear | Villager (Male) |
| 5:12 | Construir | House |
| 6:06 | Investigar | Loom |
| 6:50 | Investigar | Feudal Age |
| 7:22 | Construir | Mining Camp |
| 7:59 | Construir | Barracks |
| 8:12 | Crear | Villager (Male) |
| 8:15 | Construir | Palisade Wall |
| 9:00 | Edad | Edad Feudal |
| 9:05 | Construir | Archery Range |
| 9:19 | Investigar | Double-Bit Axe |
| 9:27 | Crear | Villager (Male) |
| 9:46 | Crear | Villager (Male) |
| 9:56 | Construir | Mill |
| 10:16 | Construir | House |
| 10:21 | Crear | Archer |
| 10:21 | Crear | Archer |
| 10:21 | Crear | Villager (Male) |
| 10:31 | Construir | Palisade Gate |
| 10:32 | Construir | House |
| 10:43 | Crear | Villager (Male) |
| 10:52 | Construir | Farm |
| 11:03 | Crear | Villager (Male) |
| 11:11 | Crear | Villager (Male) |
| 11:14 | Crear | Archer |
| 11:19 | Construir | Farm |
| 11:31 | Construir | House |
| 11:49 | Construir | Farm |
| 11:53 | Crear | Villager (Male) |
| 11:59 | Construir | Farm |
| 12:03 | Crear | Archer |
| 12:03 | Crear | Villager (Male) |
| 12:23 | Construir | Farm |
| 12:35 | Crear | Archer |
| 12:45 | Crear | Villager (Male) |
| 12:53 | Crear | Villager (Male) |
| 12:54 | Construir | Blacksmith |
| 13:04 | Crear | Villager (Male) |
| 13:06 | Construir | Farm |
| 13:12 | Crear | Archer |
| 13:52 | Construir | Stable |
| 13:56 | Crear | Villager (Male) |
| 14:02 | Construir | House |
| 14:16 | Investigar | Fletching |
| 14:21 | Crear | Villager (Male) |
| 14:24 | Construir | House |
| 14:25 | Construir | House |
| 14:27 | Construir | Farm |
| 14:40 | Crear | Archer |
| 14:55 | Crear | Scout Cavalry |
| 14:55 | Crear | Scout Cavalry |
| 14:57 | Crear | Villager (Male) |
| 14:57 | Crear | Villager (Male) |
| 15:03 | Construir | Farm |
| 15:26 | Crear | Villager (Male) |
| 15:34 | Crear | Archer |
| 15:34 | Crear | Villager (Male) |
| 15:35 | Construir | Farm |
| 15:37 | Construir | Farm |
| 15:39 | Construir | Farm |
| 15:46 | Crear | Scout Cavalry |
| 15:49 | Construir | Farm |
| 16:08 | Crear | Archer |
| 16:13 | Construir | House |
| 16:14 | Crear | Villager (Male) |
| 16:37 | Construir | Farm |
| 16:56 | Construir | Market |
| 16:59 | Construir | House |
| 17:11 | Investigar | Forging |
| 17:12 | Crear | Villager (Male) |
| 17:22 | Construir | Farm |
| 17:31 | Construir | Palisade Wall |
| 17:37 | Crear | Archer |
| 18:05 | Construir | Palisade Wall |
| 18:21 | Investigar | Castle Age |
| 18:25 | Construir | Palisade Wall |
| 18:37 | Construir | House |
| 18:50 | Construir | House |
| 19:17 | Investigar | Horse Collar |
| 19:20 | Investigar | Gold Mining |
| 19:38 | Investigar | Scale Barding Armor |
| 19:43 | Construir | Palisade Wall |
| 19:47 | Crear | Archer |
| 19:52 | Investigar | Bloodlines |
| 20:13 | Construir | Lumber Camp |
| 20:40 | Crear | Villager (Male) |
| 21:01 | Edad | Edad de los Castillos |
| 21:02 | Investigar | Bodkin Arrow |
| 21:11 | Investigar | Crossbowman (upgrade) |
| 21:15 | Crear | Knight |
| 21:30 | Crear | Villager (Male) |
| 21:35 | Construir | Farm |
| 21:40 | Crear | Archer |
| 21:49 | Crear | Villager (Male) |
| 21:51 | Crear | Knight |
| 22:03 | Crear | Archer |
| 22:19 | Crear | Archer |
| 22:19 | Crear | Villager (Male) |
| 22:21 | Crear | Knight |
| 22:41 | Crear | Villager (Male) |
| 22:45 | Crear | Knight |
| 22:46 | Crear | Archer |
| 23:02 | Crear | Villager (Male) |
| 23:04 | Construir | University |
| 23:10 | Crear | Archer |
| 23:20 | Crear | Knight |
| 23:31 | Crear | Villager (Male) |
| 23:34 | Construir | Farm |
| 23:34 | Construir | Farm |
| 23:56 | Crear | Villager (Male) |
| 24:20 | Investigar | Ballistics |
| 24:28 | Crear | Archer |
| 24:34 | Investigar | Chain Barding Armor |
| 24:35 | Investigar | Chain Barding Armor |
| 24:39 | Crear | Archer |
| 24:40 | Construir | Farm |
| 24:43 | Construir | Farm |
| 24:47 | Crear | Villager (Male) |
| 24:47 | Crear | Villager (Male) |
| 24:59 | Crear | Archer |
| 25:21 | Crear | Archer |
| 25:22 | Crear | Knight |
| 25:23 | Crear | Villager (Male) |
| 25:51 | Crear | Archer |
| 25:51 | Crear | Archer |
| 25:51 | Crear | Villager (Male) |
| 25:55 | Crear | Villager (Male) |
| 26:07 | Crear | Archer |
| 26:07 | Crear | Archer |
| 26:07 | Crear | Villager (Male) |
| 26:11 | Construir | Town Center |
Cronología de la partida
| 7:57 | Inkisidor_ · first_building Barracks |
| 7:59 | Twitch_ActionMarc · first_building Barracks |
| 8:15 | Twitch_ActionMarc · wall_segment Palisade Wall x1 |
| 8:50 | Inkisidor_ · age_up feudal |
| 9:00 | Twitch_ActionMarc · age_up feudal |
| 9:03 | Inkisidor_ · first_building Archery Range |
| 9:05 | Twitch_ActionMarc · first_building Archery Range |
| 9:05 | Inkisidor_ · wall_segment Palisade Wall x1 |
| 9:46 | Inkisidor_ · wall_segment Palisade Wall x3 |
| 9:47 | Inkisidor_ · wall_segment Palisade Wall x3 |
| 11:00 | Inkisidor_ · wall_segment Palisade Wall x1 |
| 11:01 | Inkisidor_ · wall_segment Palisade Wall x1 |
| 11:01 | Inkisidor_ · wall_segment Palisade Wall x1 |
| 11:15 | Inkisidor_ · wall_segment Palisade Wall x14 |
| 12:22 | Inkisidor_ · wall_segment Palisade Wall x4 |
| 13:52 | Twitch_ActionMarc · first_building Stable |
| 17:27 | Inkisidor_ · wall_segment Palisade Wall x1 |
| 17:31 | Twitch_ActionMarc · wall_segment Palisade Wall x8 |
| 18:05 | Twitch_ActionMarc · wall_segment Palisade Wall x1 |
| 18:20 | Twitch_ActionMarc · first_market_buy 100 food |
| 18:25 | Twitch_ActionMarc · wall_segment Palisade Wall x10 |
| 18:32 | Inkisidor_ · age_up castle |
| 19:43 | Twitch_ActionMarc · wall_segment Palisade Wall x1 |
| 21:01 | Twitch_ActionMarc · age_up castle |
| 21:09 | Twitch_ActionMarc · first_market_sell 100 stone |
| 22:22 | Inkisidor_ · first_building Monastery |
| 28:54 | Twitch_ActionMarc · first_building Siege Workshop |
| 31:12 | Inkisidor_ · first_building Castle |
| 32:01 | Inkisidor_ · first_market_sell 100 food |
| 36:01 | Inkisidor_ · age_up imperial |
| 36:16 | Inkisidor_ · first_building Siege Workshop |
| 37:03 | Inkisidor_ · first_market_buy 100 stone |
| 37:06 | Twitch_ActionMarc · first_building Castle |
| 38:41 | Twitch_ActionMarc · resign |
[ ANÁLISIS IA · 1 CRÉDITO ]
¿Qué pasó realmente en esta partida?
Wolo.gg analiza cada decisión: build order, eco, micro, errores típicos por bracket. Análisis personalizado por WhatsApp o Discord en 30 segundos.
Guía civ
Bohemios
Perfil
Jugador #482758